 Dungeon Sprint DCSS version 0.27-a0-401-gea03ee85fd (webtiles) character file.

Game seed: 3510744813903800271

977 mhtbhm the Protected (level 7, -2/111 HPs)
             Began as a Minotaur Fighter on Feb 21, 2021.
             Was the Champion of Trog.
             Slain by a snapping turtle (18 damage)
             ... in the Dungeon (Sprint VII: "The Pits").
             The game lasted 00:01:49 (714 turns).

mhtbhm the Protected (Minotaur Fighter)              Turns: 714, Time: 00:01:50

Health: -2/111     AC: 20    Str: 22    XL:     7   Next: 95%
Magic:  6/6        EV:  8    Int:  8    God:    Trog [******]
Gold:   0          SH: 12    Dex: 10    Spells: 6/6 levels left

rFire    . . .     SeeInvis .   a - +1 broad axe (vorpal)
rCold    . . .     Faith    .   c - +0 kite shield
rNeg     . . .     Spirit   .   b - +4 chain mail
rPois    .         Reflect  .   (helmet restricted)
rElec    .         Harm     .   (no cloak)
rCorr    .         Rampage  .   (no gloves)
Will     .....     NoTele   +   p - +0 pair of boots
Stlth    ..........             (no amulet)
HPRegen  0.28/turn              m - +3 ring of intelligence
MPRegen  0.10/turn              n - +3 ring of protection

@: berserking, very quick
A: retaliatory headbutt, horns 2
a: Renounce Religion, Berserk, Trog's Hand, Brothers in Arms


You were in the Dungeon.
You worshipped Trog.
Trog was exalted by your worship.
You visited 1 branch

Inventory:

Hand Weapons
 a - a +1 vorpal broad axe (weapon)
Armour
 b - a +4 chain mail (worn)
 c - a +0 kite shield (worn)
 p - a +0 pair of boots (worn)
Jewellery
 m - a +3 ring of intelligence (left hand)
 n - a +3 ring of protection (right hand)
Scrolls
 j - a scroll of blinking
 l - a scroll of summoning
Potions
 d - a potion of might
 e - 8 potions of curing
 f - 12 potions of heal wounds
 g - a potion of haste
 h - 4 potions of magic
 i - 3 potions of berserk rage
 k - 2 potions of invisibility
 o - 2 potions of mutation


   Skills:
 + Level 11.0 Fighting
 + Level 10.1 Axes
 + Level 11.0 Armour
 + Level 3.2 Dodging
 + Level 10.6 Shields


You had 6 spell levels left.
You didn't know any spells.
Your spell library was empty.

Dungeon Overview and Level Annotations

Branches:
Dungeon (1/1)

Altars:
Cheibriados
Dithmenos
Elyvilon
Fedhas
Gozag
Hepliaklqana
Makhleb
Nemelex Xobeh
Okawaru
Qazlal
Ru
Sif Muna
Trog
Vehumet
Wu Jian
Xom
Yredelemnul
Zin
The Shining One
Beogh
Jiyva
Lugonu


Innate Abilities, Weirdness & Mutations

You reflexively headbutt those who attack you in melee.
You have a pair of horns on your head.


Message History

The river rat bites you.
The snapping turtle bites you but does no damage.
You slice the river rat!!
You kill the river rat!
Trog accepts your kill. You block the snapping turtle's attack.
The snapping turtle bites you from afar.
The ice devil closely misses you.
You barely miss the ice devil. The ice devil hits you!
The ice devil freezes you!
The snapping turtle bites you but does no damage.
You slash the ice devil! Your headbutt misses the ice devil.
The ice devil is moderately wounded.
You block the ice devil's attack. You block the snapping turtle's attack.
Unknown command.
The ice devil hits you. The ice devil freezes you!
The snapping turtle closely misses you.
You don't know any spells.
You barely miss the snapping turtle. You slash the ice devil!
You block the ice devil's attack. You block the snapping turtle's attack.
A red film seems to cover your vision as you go berserk!
You feel yourself moving faster!
You feel mighty! You block the ice devil's attack.
The snapping turtle bites you!
You barely miss the snapping turtle. You hit the ice devil.
The ice devil hits you. The ice devil freezes you!!
* * * LOW HITPOINT WARNING * * *
The snapping turtle bites you but does no damage.
You hit the snapping turtle.
You headbutt the snapping turtle, but do no damage.
The snapping turtle is lightly wounded.
You slash the ice devil! You hit the snapping turtle.
You headbutt the snapping turtle.
The snapping turtle is lightly wounded.
You slash the ice devil!
You kill the ice devil!
Trog accepts your kill. Something appears at your feet!
Trog grants you a weapon! The snapping turtle bites you!!
You die...

##'##................#
)'.##......#..#......#
##.##................+
....'................+
#####......#..#......#
.'.##................#
.#.#####'#####''######
##.##.......##''###
.#.##.......##..@t#
.÷.##.......##...##
#####...<...##..##
)).##.......##..#
)).##.......##..+
#####.......##.##
#..############
#.###########
#†#....#!![[#


You could see a snapping turtle.

Vanquished Creatures
  An ice devil (D)
  A wyvern (D)
  Duvessa (D)
  2 floating eyes (D)
  A black bear (D)
  2 wolves (D)
  Dowan (D)
  A hound (D)
  2 orc priests (D)
  A gnoll shaman (D)
  A worker ant (D)
  5 gnolls (D)
  A river rat (D)
  A white imp (D)
  An ooze (D)
  A worm (D)
  A leopard gecko (D)
  An orc (D)
  2 giant cockroaches (D)
  A hobgoblin (D)
  2 jackals (D)
  2 ball pythons (D)
  A rat (D)
33 creatures vanquished.

Notes
Turn   | Place    | Note
-------+----------+-------------------------------------------
     0 | D        | mhtbhm the Minotaur Fighter began the quest for the Orb.
     0 | D        | Reached XP level 1. HP: 19/19 MP: 0/0
    23 | D        | Found a bloodstained altar of Trog.
    23 | D        | Found a shimmering blue altar of Sif Muna.
    23 | D        | Found a viscous altar of Jiyva.
    23 | D        | Found a hazy altar of Hepliaklqana.
    23 | D        | Found an opulent altar of Gozag.
    24 | D        | Found a glowing golden altar of the Shining One.
    24 | D        | Found a glowing silver altar of Zin.
    24 | D        | Found a basalt altar of Yredelemnul.
    24 | D        | Found a shimmering altar of Xom.
    24 | D        | Found an ornate altar of the Wu Jian Council.
    24 | D        | Found a sacrificial altar of Ru.
    24 | D        | Found a stormy altar of Qazlal.
    24 | D        | Found an iron altar of Okawaru.
    24 | D        | Found a sparkling altar of Nemelex Xobeh.
    24 | D        | Found a burning altar of Makhleb.
    24 | D        | Found a blossoming altar of Fedhas.
    24 | D        | Found a white marble altar of Elyvilon.
    24 | D        | Found a shadowy altar of Dithmenos.
    24 | D        | Found a snail-covered altar of Cheibriados.
    27 | D        | Found a corrupted altar of Lugonu.
    27 | D        | Found a radiant altar of Vehumet.
    27 | D        | Found a roughly hewn altar of Beogh.
    28 | D        | Became a worshipper of Trog the Wrathful
    65 | D        | Noticed a floating eye
    66 | D        | Killed a floating eye
    67 | D        | Reached XP level 2. HP: 30/31 MP: 1/1
    67 | D        | Reached XP level 3. HP: 37/38 MP: 2/2
    67 | D        | Reached XP level 4. HP: 44/45 MP: 3/3
    81 | D        | Reached * piety under Trog
    88 | D        | Noticed a floating eye
    90 | D        | Paralysed by a floating eye for 2 turns
    94 | D        | Paralysed by a floating eye for 3 turns
    99 | D        | Reached ** piety under Trog
   101 | D        | Killed a floating eye
   102 | D        | Reached skill level 5 in Axes
   102 | D        | Reached skill level 1 in Dodging
   102 | D        | Reached XP level 5. HP: 26/55 MP: 4/4
   350 | D        | Noticed a wolf
   350 | D        | Noticed a wolf
   356 | D        | Reached *** piety under Trog
   357 | D        | Reached XP level 6. HP: 62/62 MP: 5/5
   360 | D        | Reached **** piety under Trog
   370 | D        | Reached skill level 10 in Fighting
   370 | D        | Reached XP level 7. HP: 72/72 MP: 6/6
   371 | D        | Reached ***** piety under Trog
   372 | D        | Reached skill level 10 in Armour
   410 | D        | Noticed a wyvern
   413 | D        | Killed a wyvern
   414 | D        | Reached skill level 10 in Shields
   428 | D        | Noticed Duvessa
   428 | D        | Noticed Dowan
   437 | D        | Killed Dowan
   442 | D        | Killed Duvessa
   443 | D        | Reached skill level 10 in Axes
   580 | D        | Reached ****** piety under Trog
   703 | D        | Noticed an ice devil
   704 | D        | Noticed a snapping turtle
   714 | D        | Killed an ice devil
   714 | D        | Received a gift from Trog
   714 | D        | Slain by a snapping turtle

Illustrated notes

Levels and vault maps discovered:
D:        pitsprint [storerooms_1, entrance_room_1, metal_vault_7, armoury_1,
          mini_pit_1, grid_room_1, main_hall_1, silver_pit, the_coven_2,
          the_vestibule_1, steel_vault_4, golden_pit, hallway_of_sentries,
          crystal_vault_5, iron_vault_1, final_vault]

Skill      XL: |  1  2  3  4  5  6  7 |
---------------+----------------------+-----
Shields        | 6 8 9 10 | 10.6
Fighting       | 6 8 10 11 | 11.0
Axes           | 4 5 6 8 10 | 10.1
Armour         | 6 8 9 11 | 11.0
Dodging        | 1 2 3 |  3.2

Action                   |  1- 3 |  4- 6 |  7- 9 || total
-------------------------+-------+-------+-------++-------
Melee: War axe           |     8 |       |       ||     8
       Headbutt          |     2 |     6 |     7 ||    15
       Hand axe          |     1 |    31 |    24 ||    56
       Broad axe         |       |       |     7 ||     7
Invok: Berserk           |       |     1 |     2 ||     3
Armor: Scale mail        |     4 |     7 |       ||    11
       Chain mail        |       |     8 |     8 ||    16
Dodge: Dodged            |     4 |    13 |     7 ||    24
Block: Kite shield       |     8 |    18 |    16 ||    42

Table legend: (Time is in decaauts)
 A = Elapsed time spent in this place.
 B = Non-inter-level travel time spent in this place.
 C = Inter-level travel time spent in this place.
 D = Time resting spent in this place.
 E = Time spent auto-exploring this place.
 F = Levels seen in this place.
 G = Mean time per level.
                   A        B        C        D        E       F      G
               +--------+--------+--------+--------+--------+-----+--------+
         Total |    739 |    692 |     47 |    171 |    218 |   1 |  739.0 |
       Dungeon |    739 |    692 |     47 |    171 |    218 |   1 |  739.0 |
               +--------+--------+--------+--------+--------+-----+--------+

Top non-repeatable levels by time:
       D: 739 daAuts
